 Dungeon Crawl Stone Soup version 0.30-a0-743-gbfdf073431 (console) character file.

Game seed: 12009272266867688604

8 rlgrobin the Caller (level 2, 19/19 HPs)
             Began as a Demonspawn Summoner on Feb 6, 2023.
             Got out of the dungeon alive.
             The game lasted 00:01:02 (212 turns).

rlgrobin the Caller (Demonspawn Summoner)            Turns: 212, Time: 00:01:03

Health: 19/19      AC:  2    Str:  8    XL:     2   Next: 0%
Magic:  5/5        EV: 12    Int: 16    God:
Gold:   8          SH:  0    Dex: 13    Spells: 4/5 levels left

rFire   . . .      SeeInvis .    a - +0 short sword
rCold   . . .      Faith    .    (no shield)
rNeg    . . .      Spirit   .    c - +0 robe
rPois   .          Reflect  .    (no helmet)
rElec   .          Harm     .    (no cloak)
rCorr   .          Rampage  .    (no gloves)
Will    .....                    (no boots)
Stlth   ++                       (no amulet)
HPRegen 0.23/turn                (no ring)
MPRegen 0.09/turn                (no ring)

@: no status effects
A: demonic guardian 1
a: no special abilities


You escaped.
You visited 1 branch of the dungeon, and saw 1 of its levels.

You collected 8 gold pieces.

Inventory:

Hand Weapons
 a - a +0 short sword (weapon)
Armour
 c - a +0 robe (worn)
Potions
 b - a potion of magic


   Skills:
 - Level 1.7 Dodging
 - Level 1.7 Stealth
 + Level 2.3 Spellcasting
 + Level 4.2 Summonings


You had 4 spell levels left.
You knew the following spells:

 Your Spells              Type           Power      Damage    Failure   Level
a - Summon Small Mammal   Summ           60%        N/A       3%          1

Your spell library contained the following spells:

 Spells                   Type           Power      Damage    Failure   Level
 Call Imp                 Summ           15%        N/A       5%          2
 Call Canine Familiar     Summ           15%        N/A       11%         3
 Summon Guardian Golem    Hex/Summ       8%         N/A       26%         3
 Summon Lightning Spire   Summ/Air       8%         N/A       63%         4


Dungeon Overview and Level Annotations

Branches:
Dungeon (1/15)

Altars:


Innate Abilities, Weirdness & Mutations

A weak demonic guardian rushes to your aid.


Message History

Your bat hits the dart slug.
Your bat hits the dart slug but does no damage.
Your bat hits the dart slug but does no damage.
The dart slug launches a dart at your bat.
The slug dart misses your bat. The slug dart hits you.
There is a large open door here.
Your bat completely misses the dart slug.
The dart slug launches a dart at your bat.
The slug dart hits your bat.
Your bat dies!
Your bat's corpse disappears in a puff of smoke!
There is a large open door here.
There is a large open door here.
Casting: Summon Small Mammal (safe; 3% risk of failure)
Confirm with . or Enter, or press ? or * to list all spells.
You miscast Summon Small Mammal.
You are very lightly contaminated with residual magic.
Nothing appears to happen.
The dart slug launches a dart at you. The slug dart misses you.
There is a large open door here.
Casting: Summon Small Mammal (safe; 3% risk of failure)
Confirm with . or Enter, or press ? or * to list all spells.
Your quokka bites the dart slug.
The dart slug dies!
You have reached level 2!
Your demonic ancestry asserts itself...
You feel the presence of a demonic guardian.
You start resting.
Your magical contamination has completely faded away.
You start resting.
Your quokka disappears in a puff of smoke!
HP restored.
You see here 4 stones.
There is an open door here.
Magic restored.
You see here 3 stones.
There is a staircase leading out of the dungeon here.
Are you sure you want to leave the Dungeon?
This will make you lose the game!
You have escaped!

##..##.########
##...#..#......+
#....#..#.#####
##...##........#
#....#...#.....#
##...###.##.....#
#>...##>.##.....#
###..##...##.....#
#....##..@##.....#
#######...##.....#
###........#
####.....# #######


There were no monsters in sight!

Vanquished Creatures (collateral kills)
  A dart slug (D:1)
  A ball python (D:1)
  A hobgoblin (D:1)
  A kobold (D:1)
  A bat (D:1)
  A rat (D:1)
6 creatures vanquished.

Notes
Turn   | Place    | Note
-------+----------+-------------------------------------------
     0 | D:1      | rlgrobin the Demonspawn Summoner began the quest for the
                  | Orb.
     0 | D:1      | Reached XP level 1. HP: 13/13 MP: 3/3
   144 | D:1      | Gained mutation: A weak demonic guardian rushes to your
                  | aid. [demonic ancestry]
   144 | D:1      | Reached XP level 2. HP: 12/19 MP: 0/5
   212 | D:$      | Got out of the dungeon alive.

Illustrated notes

Levels and vault maps discovered:
D:1:      dpeg_arrival_long_road, layout_basic

Action                     || total
---------------------------++-------
  Melee: Short sword       ||     2
   Cast: Summon Small Mamm ||     7
 Armour: Robe              ||     1
  Dodge: Dodged            ||     2

Table legend: (Time is in decaauts)
 A = Elapsed time spent in this place.
 B = Non-inter-level travel time spent in this place.
 C = Inter-level travel time spent in this place.
 D = Time resting spent in this place.
 E = Time spent auto-exploring this place.
 F = Levels seen in this place.
 G = Mean time per level.
                   A        B        C        D        E       F      G
               +--------+--------+--------+--------+--------+-----+--------+
         Total |    211 |    173 |     38 |     29 |     78 |   1 |  211.0 |
       Dungeon |    211 |    173 |     38 |     29 |     78 |   1 |  211.0 |
               +--------+--------+--------+--------+--------+-----+--------+

Top non-repeatable levels by time:
     D:1: 211 daAuts
